 Dungeon Crawl Stone Soup version 0.27-a0-760-gc38aae387d (webtiles) character file.

Game seed: 11478965779611971558

190 sanka the Magician (level 5, -9/35 HPs)
             Began as a Djinni Conjurer on Mar 25, 2021.
             Killed by divine providence
             ... invoked by an orc priest
              (11 damage)
             ... on level 3 of the Dungeon.
             The game lasted 00:05:06 (3572 turns).

sanka the Magician (Djinni Conjurer)                Turns: 3572, Time: 00:05:07

Health: -9/35      AC:  2    Str:  6    XL:     5   Next: 69%
Gold:   95         EV: 12    Int: 20    God:
                   SH:  0    Dex: 12

rFire    + + .     SeeInvis .   (no weapon)
rCold    x . .     Faith    .   (no shield)
rNeg     . . .     Spirit   .   a - +0 robe
rPois    ∞         Reflect  .   (no helmet)
rElec    .         Harm     .   (no cloak)
rCorr    .         Rampage  .   (no gloves)
Will     .....                  (boots unavailable)
Stlth    ++........             (no amulet)
HPRegen  0.11/turn              (no ring)
MPRegen  0.00/turn              (no ring)

@: flying
A: fire resistance 2, cold vulnerability 1, float, innate caster, hp casting,
extra vitality 1
a: no special abilities


You were on level 3 of the Dungeon.
You visited 1 branch of the dungeon, and saw 3 of its levels.

You collected 95 gold pieces.


Innate Abilities, Weirdness & Mutations

You are immune to poison.
Your flesh is very heat resistant. (rF++)
You are vulnerable to cold. (rC-)
You float through the air rather than walking.
You learn spells naturally, not from books.
Your magical power is your life essence.
You have superior vitality. (+4 HP)


   Skills:
 - Level 2.1 Dodging
 - Level 1.5 Stealth
 + Level 5.8 Spellcasting


You couldn't memorise any spells.
You knew the following spells:

 Your Spells              Type           Power      Damage    Failure   Level
c - Iskenderun's Mystic   Conj/Tloc      29%        2d7       10%         4
u - Ensorcelled Hibernat  Hex/Ice        58%        N/A       1%          2
v - Beastly Appendage     Tmut           58%        N/A       1%          1
x - Searing Ray           Conj           58%        3d5       1%          2
y - Dazzling Flash        Conj/Hex       58%        N/A       3%          3
z - Magic Dart            Conj           100%       1d8       1%          1
Z - Fulminant Prism       Conj/Hex       14%        3d9       10%         4
Your spell library was empty.

Inventory:

Armour
 a - a +0 robe (worn)
Scrolls
 e - a scroll of fog {unknown}
 f - a scroll of enchant armour {unknown}
 h - a scroll of acquirement {unknown}
 j - a scroll of teleportation {unknown}
 k - a scroll of fear {unknown}
Potions
 b - a potion of brilliance {unknown}
 c - a potion of haste {unknown}
 d - 2 potions of flight {unknown}
 g - a potion of lignification {unknown}
 i - a potion of curing {unknown}

Dungeon Overview and Level Annotations

Branches:
Dungeon (3/15)

Altars:
Cheibriados
Kikubaaqudgha
Qazlal

Annotations:
D:3 2 transporters, casual's ghost, amateur DsFi

▒............▒..▒.▒..o..
.............▒.)▒.▒.▒▒▒o
.............▒..▒o▒ ▒
.............▒..▒o▒
.▒▒+▒.▒▒.....▒..▒.▒
.▒▒...▒▒▒▒▒'▒▒..▒.▒
..........▒.▒ ▒)▒
▒▒▒▒..▒▒▒.▒.▒▒▒▒▒.▒▒▒▒▒
.....>▒ ▒.▒.....R.....▒
▒▒▒▒▒▒▒▒▒.▒▒▒▒▒▒▒.▒▒▒.▒
..........▒ ▒.▒ ▒.▒
▒▒▒▒▒▒▒ ▒▒▒▒▒▒▒▒▒▒▒ ▒.▒
▒.▒ ▒...... ▒ ▒.▒ ▒.▒
▒.▒▒▒▒▒ ▒ ▒.▒ ▒.▒
▒.▒▒▒▒▒ ▒ ▒.▒ ▒.▒
▒.▒.... ▒ ▒.▒ ▒.▒
▒.▒.▒▒▒ ▒ ▒▒▒▒▒▒▒▒▒.▒
▒.▒ ▒.▒.▒


You could see an orc priest and an orc wizard.


Message History

The searing ray hits the orc warrior.
The orc warrior is moderately wounded.
The searing ray hits the orc warrior.
The orc warrior is heavily wounded.
The searing ray hits the orc warrior.
The orc warrior is severely wounded.
You finish channeling your searing ray.
The orc priest shouts!
The orc priest looks braver for a moment.
The orc warrior hits you with a +0 scimitar!
* * * LOW HITPOINT WARNING * * *
You hear a shout!
Unknown command.
Aiming: Searing Ray (safe; 1% risk of failure)
Aim: an orc warrior, wielding a +0 scimitar and wearing a +0 plate armour (severely wounded, 21% to evade)
The searing ray hits the orc warrior!
You kill the orc warrior! (Press . to maintain the ray.)
* * * LOW HITPOINT WARNING * * *
You have reached level 5!
Spell assigned to 'u'.
The power to cast Ensorcelled Hibernation wells up from within.
* * * LOW HITPOINT WARNING * * *
The orc priest mumbles some strange prayers to Beogh against you.
Beogh smites you!
* * * LOW HITPOINT WARNING * * *
Without enough magic to sustain it, your searing ray dissipates.
The orc priest invokes the aid of Beogh against you.
Beogh smites you!
You die...

Action                   |  1- 3 |  4- 6 || total
-------------------------+-------+-------++-------
 Cast: Magic Dart        |    63 |    31 ||    94
       Searing Ray       |     3 |     7 ||    10
Armor: Robe              |     2 |       ||     2
Dodge: Dodged            |     7 |     1 ||     8

Levels and vault maps discovered:
D:1:      zelgadis_glass_arrival_small, layout_rooms, serial_bayou_crossing
D:2:      layout_basic, kennysheep_slug_shrine, old_standard_altar,
          nicolae_overflow_hidden_temple
D:3:      layout_basic, marbit_many_paths, gammafunk_ghost_smash

Notes
Turn   | Place    | Note
-------+----------+-------------------------------------------
     0 | D:1      | sanka the Djinni Conjurer began the quest for the Orb.
     0 | D:1      | Reached XP level 1. HP: 15/15 MP: 0/0
   100 | D:1      | Reached XP level 2. HP: 8/21 MP: 0/0
   101 | D:1      | HP: 2/21 [jackal (2)]
   103 | D:1      | Reached skill level 4 in Spellcasting
  1061 | D:2      | Reached XP level 3. HP: 22/25 MP: 0/0
  1061 | D:2      | Learned a level 1 spell: Beastly Appendage
  1233 | D:2      | Found a snail-covered altar of Cheibriados.
  1664 | D:2      | Found a stormy altar of Qazlal.
  2086 | D:2      | Reached XP level 4. HP: 28/31 MP: 0/0
  2155 | D:2      | Reached skill level 5 in Spellcasting
  2999 | D:3      | Found a transporter.
  3003 | D:3      | Noticed an ogre
  3003 | D:3      | Noticed casual's ghost (amateur DsFi)
  3005 | D:3      | Found a transporter.
  3556 | D:3      | Noticed an orc warrior
  3569 | D:3      | Killed an orc warrior
  3570 | D:3      | Reached XP level 5. HP: 11/35 MP: 0/0
  3570 | D:3      | Learned a level 2 spell: Ensorcelled Hibernation
  3570 | D:3      | HP: 1/35 [orc priest/divine providence (9)]
  3572 | D:3      | Killed from afar by an orc priest

Vanquished Creatures
  An orc warrior (D:3)
  4 gnolls (D:2)
  An adder (D:2)
  2 worms
  A dart slug (D:2)
  An orc (D:3)
  5 ball pythons
  5 endoplasms
  A giant cockroach (D:2)
  3 goblins
  5 hobgoblins (D:2)
  6 jackals
  4 kobolds
  2 quokkas (D:2)
  2 bats
  2 frilled lizards
  3 rats (D:1)
48 creatures vanquished.
